 Dungeon Crawl Stone Soup version 0.20.0-15-g7f486f2 (webtiles) character file.

121 NoAnimeNoLife the Cudgeler (level 4, -2/35 HPs)
             Began as a Demonspawn Fighter on June 17, 2017.
             Slain by Darkell's ghost (11 damage)
             ... on level 3 of the Dungeon.
             The game lasted 00:02:41 (2404 turns).

NoAnimeNoLife the Cudgeler (Demonspawn Fighter)     Turns: 2404, Time: 00:02:41

Health: -2/35      AC: 11    Str: 17    XL:     4   Next: 76%
Magic:  4/4        EV:  2    Int: 10    God:
Gold:   77         SH: 12    Dex: 12    Spells: 3/3 levels left

rFire    . . .     SeeInvis .   a - +0 flail
rCold    + . .     Gourm    .   c - +0 shield
rNeg     . . .     Faith    .   i - +0 plate armour
rPois    .         Spirit   .   (no helmet)
rElec    .         Reflect  .   (no cloak)
rCorr    .         Harm     .   (no gloves)
MR       .....                  (no boots)
Stlth    ..........             (no amulet)
Regen    0.2/turn               (no ring)
MPRegen  0.1/turn               (no ring)

@: no status effects
A: hooves 1, large bone plates 1, cold resistance 1
a: no special abilities


You were on level 3 of the Dungeon.
You were not hungry.

You visited 1 branch of the dungeon, and saw 3 of its levels.

You collected 77 gold pieces.

Inventory:

Hand Weapons
 a - a +0 flail (weapon)
Missiles
 e - 2 throwing nets (quivered)
Armour
 b - a +0 scale mail
 c - a +0 shield (worn)
 i - a +0 plate armour (worn)
Scrolls
 g - a scroll of noise {unknown}
 j - 2 scrolls of remove curse {unknown}
 k - 2 scrolls of identify {unknown}
 n - a scroll of immolation {unknown}
 q - a scroll of teleportation {unknown}
Potions
 d - 2 potions of might
Books
 o - a book of Minor Magic

   Spells                             Type                      Level
   a - Magic Dart                     Conjuration                  1
   b - Blink                          Translocation                2
   c - Call Imp                       Summoning                    2
   d - Slow                           Hexes                        2
   e - Conjure Flame                  Conjuration/Fire             3
   f - Mephitic Cloud                 Conjuration/Poison/Air       3
Comestibles
 f - 2 bread rations
 m - a royal jelly


   Skills:
 - Level 3.0 Fighting
 + Level 4.5 Maces & Flails
 - Level 2.6 Armour
 - Level 2.6 Shields


You had 3 spell levels left.
You didn't know any spells.

Dungeon Overview and Level Annotations

Branches:
Dungeon (3/15)

Altars:
Ru

Annotations:
D:3 Darkell's ghost, amateur OgGl


Innate Abilities, Weirdness & Mutations

You have large cloven feet.
You are partially covered in large bone plates. (SH +4)
Your flesh is cold resistant. (rC+)


Message History

Your kick misses Darkell's ghost.
Darkell's ghost is heavily damaged.
You block Darkell's ghost's attack.
You miss Darkell's ghost. Your kick misses Darkell's ghost.
Darkell's ghost is heavily damaged.
Darkell's ghost hits you!
You thump Darkell's ghost!
You kick Darkell's ghost, but do no damage.
Darkell's ghost is severely damaged.
Darkell's ghost hits you.
* * * LOW HITPOINT WARNING * * *
You block Darkell's ghost's attack.
You thump Darkell's ghost!
Darkell's ghost is almost destroyed.
You block Darkell's ghost's attack.
Your shield and plate armour prevent you from hitting Darkell's ghost.
You kick Darkell's ghost, but do no damage.
Darkell's ghost is almost destroyed.
Darkell's ghost hits you!
You die...

#..........'....#,,,,,+,,,,,,,
#..........######,*****,,,,,,,
#...............#,*,,,',,,,,,,
#########'#####.#,*,***,,,,,,,
********* #.)).#...#,#,*
*,,,,,,, ,,,,,,,,*
#....#.###.#.# ********
*******,* #..#.#.#.....#
,,,,,,*,* #....#...#.#****
,,,,,,,,**##...W@....#,,,*
*****,*,...(.#.#######,*,*
*,,,,,,,.......,,,,,,,,*,*
*,***,,,.,..###,********,* ,,*
***,*##** *,********,* ***
*,,,,<* *,,,,,,,,,,* *******
************


You could see Darkell's ghost.

Vanquished Creatures
  An orc wizard (D:3)
  3 adders (D:3)
  An ooze (D:2)
  A worm (D:2)
  4 leopard geckos
  4 orcs (D:3)
  2 bats
  2 giant cockroaches
  3 goblins
  11 hobgoblins
  3 jackals (D:1)
  2 quokkas (D:2)
  A ball python (D:1)
  2 kobolds (D:2)
  6 rats
46 creatures vanquished.

Vanquished Creatures (others)
  A kobold (D:1)
  A rat (D:1)
2 creatures vanquished.

Grand Total: 48 creatures vanquished

Notes
Turn   | Place    | Note
-------+----------+-------------------------------------------
     0 | D:1      | NoAnimeNoLife the Demonspawn Fighter began the quest for the Orb.
     0 | D:1      | Reached XP level 1. HP: 18/18 MP: 1/1
   230 | D:1      | Reached skill level 2 in Maces & Flails
   266 | D:1      | Gained mutation: You are partially covered in large bone plates. (SH +4) [demonic ancestry]
   266 | D:1      | Reached XP level 2. HP: 7/24 MP: 2/2
  1004 | D:2      | Reached skill level 3 in Maces & Flails
  1225 | D:2      | Gained mutation: Your flesh is cold resistant. (rC+) [demonic ancestry]
  1225 | D:2      | Reached XP level 3. HP: 11/29 MP: 3/3
  2107 | D:3      | Gained mutation: You have large cloven feet. [demonic ancestry]
  2107 | D:3      | Reached XP level 4. HP: 35/35 MP: 4/4
  2109 | D:3      | Reached skill level 4 in Maces & Flails
  2259 | D:3      | Found a sacrificial altar of Ru.
  2372 | D:3      | Noticed Darkell's ghost (amateur OgGl)
  2396 | D:3      | HP: 1/35 [Darkell's ghost (10)]
  2404 | D:3      | Slain by Darkell's ghost

Skill      XL: |  1  2  3  4 |
---------------+-------------+-----
Maces & Flails | 2 3 4 |  4.5
Fighting       | |  3.0
Armour         | |  2.6
Shields        | |  2.6

Action                   |  1- 3 |  4- 6 || total
-------------------------+-------+-------++-------
Melee: Flail             |   163 |    77 ||   240
       Kick              |       |    14 ||    14
  Use: Potion            |     2 |     1 ||     3
       Scroll            |       |     1 ||     1
 Stab: Paralysed         |       |     3 ||     3
  Eat: Chunk             |     3 |     2 ||     5
Armor: Scale mail        |    27 |       ||    27
       Plate armour      |    81 |    29 ||   110
       Skin              |     7 |     2 ||     9
Dodge: Dodged            |    27 |     4 ||    31
Block: Shield            |   140 |    64 ||   204
